[Event "*** Titled Tuesday Blitz"]
[Site "Chess.com"]
[Date "2019.06.04"]
[Round "2"]
[White "MatthewG-p4p"]
[Black "SoltaniciR"]
[Result "1/2-1/2"]
[WhiteElo "2794"]
[BlackElo "2605"]
[TimeControl "180+2"]
[EndTime "13:27:51 PDT"]
[Termination "Game drawn by repetition"]

1. Nf3 c5 2. b3 b6 3. Bb2 Bb7 4. e3 e6 5. d4 Nf6 6. Bd3 Be7 7. O-O d6 8. c4 Nbd7 9. Nc3 a6 10. Re1 Qc7 11. Rc1 Rc8 12. Bb1 O-O 13. a4 Rfe8 14. d5 exd5 15. cxd5 Qb8 16. Qd3 Bf8 17.
e4 g6 18. Nd2 Bg7 19. f4 Nh5 20. g3 Ba8 21. Qf3 b5 22. g4 Nhf6 23. Kh1 c4 24. bxc4 b4 25. Ne2 Nc5 26. e5 dxe5 27. fxe5 Nfd7 28.
Rf1 Nxe5 29. Bxe5 Qxe5 30. Ng3 Qc7 31. Nge4 Nxa4 32. g5 Nc3 33. Bd3 a5 34. Nxc3 Bxc3 35. Ne4 Bg7 36. Rc2 b3 37. Rcf2 a4 38. Qxf7+ Qxf7 39. Rxf7 a3 40. Ra7 a2 41. Nf6+ Bxf6 42. gxf6 Rf8 43.
Kg1 Rcd8 44. Ra3 Rb8 45. d6 Rb6 46. c5 Rb4 47. d7 Bc6 48. Rxb3 Rd4 49. Ra3 Bxd7 50.
Be2 Be6 51. c6 Rd2 52. Re1 Rxf6 53. c7 Rc2 54. Ra7 a1=Q 55. c8=Q+ Bxc8 56. Raxa1 Be6 57. Ra6 Kg7 58. Bd3 Rd2 59. Ra7+ Bf7 60. Ra3 Rff2 61. Ra7 Rg2+ 62. Kh1 Rxh2+ 63. Kg1 Rdg2+ 64. Kf1 Rf2+ 65. Kg1 Rhg2+ 66. Kh1 Rg4 67. Ree7 Rf3 68. Kh2 Rgf4 69. Be2 Rf2+ 70. Kg3 h5 71. Kh3 Rf6 72. Bc4 R2f4 73.
Bd5 g5 74. Re5 Kg6 75. Be4+ Kh6 76. Kg3 h4+ 77. Kh2 Rf2+ 78. Kg1 Rf1+ 79. Kg2 R1f4 80.
Raa5 Rg4+ 81. Kh3 Rg3+ 82. Kh2 Be6 83. Bg2 Bf7 84. Re2 Bg6 85. Ra8 Bf7 86. Ra5 Be6 87.
Ra6 Rxg2+ 88. Rxg2 Kg6 89. Re2 Kf7 90. Ra7+ Kg6 91. Ra6 Kf7 92. Ra7+ Kg6 93. Ra6 1/2-1/2

[Event "*** Titled Tuesday Blitz"]
[Site "Chess.com"]
[Date "2019.06.04"]
[Round "2"]
[White "FedaMaster"]
[Black "ehrenfeld"]
[Result "1-0"]
[WhiteElo "2566"]
[BlackElo "2509"]
[TimeControl "180+2"]
[EndTime "13:28:05 PDT"]
[Termination "FedaMaster won by resignation"]

1. e4 e5 2. Nf3 Nc6 3. Bb5 a6 4.
Bxc6 dxc6 5. O-O Qf6 6. d4 exd4 7. Qxd4 Qxd4 8. Nxd4 Bd7 9. Be3 O-O-O 10. Nc3 Ne7 11.
Rad1 f6 12. Nb3 b6 13. f3 g6 14. Rd2 Bg7 15. Rfd1 Rhe8 16. Kf2 Be6 17. Rxd8+ Rxd8 18. Rxd8+ Kxd8 19. Nd4 Bf7 20. g4 c5 21. Nde2 Kd7 22.
f4 Nc6 23. a3 Be6 24. Kf3 Bf8 25. h4 Bd6 26. g5 f5 27. e5 Be7 28. Ng3 Na5 29.
h5 Nc4 30. Bc1 b5 31. Nb1 Nb6 32. h6 a5 33. Nf1 b4 34. Ne3 Kc6 35. Ke2 c4 36.
Ng2 Bc5 37. Nh4 Bf7 38. axb4 axb4 39. Be3 Bf8 40. Nd2 Kd5 41. c3 b3 42. Nb1 Na4 43. Bc1 Bc5 44. Ng2 Bf8 45. Ne3+ Kc6 46. Nd2 Kb5 47. Nb1 Be7 48. Ng2 Bd5 49. Nh4 Bf8 50. Nd2 Nc5 51. Nhf3 Nd3 52. Nd4+ Kb6 53. Kd1 Nxf4 54.
Nxc4+ Bxc4 55. Bxf4 c5 56. Nf3 Kc6 57. Nd2 Be6 58. c4 Kb6 59. Ke2 Ka5 60. Kd3 Kb4 61. Bg3 Be7 62. Bf4 Bd8 63. Be3 Bc7 64. Bf4 Ba5 65. Be3 Bc7 66. Bf4 Ka4 67. Nb1 Ba5 68.
Nc3+ Bxc3 69. Kxc3 Bd7 70. Be3 Be6 71. Bxc5 f4 72. Bf2 f3 73. Be3 Bf7 74. Bf2 Be6 75. Kd4 Kb4 76. Be1+ Ka4 77. c5 Kb5 78. Bf2 Bf7 79.
Ke4 Kc6 80. Kxf3 Kd5 81. Kf4 Be6 82. Be3 Bd7 83. Bf2 Bc6 84. e6 Kxe6 85. Ke3 Kf5 86. Kd4 Kxg5 87. Be3+ Kf5 88. Kc4 Ke4 89. Bg1 g5 90. Kxb3 g4 91. Kc4 Bd5+ 92. Kb5 g3 93. c6 Kf3 94. c7 Be6 95. Kc6 Kg2 96. Bc5 Kf3 97. b4 Ke4 98. b5 Bd5+ 99. Kd6 Bb7 100. Kd7 Kd5 101. Bg1 Kc4 102. b6 Kd5 103. c8=Q 1-0

[Event "*** Titled Tuesday Blitz"]
[Site "Chess.com"]
[Date "2019.06.04"]
[Round "3"]
[White "Fy_Rakotomaharo"]
[Black "Meharchinnareddy"]
[Result "0-1"]
[WhiteElo "2601"]
[BlackElo "2644"]
[TimeControl "180+2"]
[EndTime "13:30:22 PDT"]
[Termination "Meharchinnareddy won by resignation"]

1. e4 c5 2. Nf3 d6 3. d4 cxd4 4. Nxd4 Nf6 5. Nc3 Nc6 6. f3 e5 7. Nb3 Be7 8. Be3 O-O 9. Qe2 a5 10. Na4 Be6 11. Qb5 Nb4 12. Bd3 Bd7 0-1

[Event "*** Titled Tuesday Blitz"]
[Site "Chess.com"]
[Date "2019.06.04"]
[Round "3"]
[White "toog"]
[Black "TheGandhiOfChess"]
[Result "1-0"]
[WhiteElo "2315"]
[BlackElo "2400"]
[TimeControl "180+2"]
[EndTime "13:30:34 PDT"]
[Termination "toog won by resignation"]

1. e4 e5 2. Nf3 Nc6 3. Bb5 Nf6 4. O-O Nxe4 5. Re1 Nd6 6. Nxe5 Be7 7. Bf1 Nxe5 8. Rxe5 O-O 9. d4 Bf6 10. Re1 Nf5 11.
c3 d5 12. Bf4 Nd6 13. Nd2 Bf5 14. Qb3 c6 15. Qb4 Be7 16. Rxe7 1-0

[Event "*** Titled Tuesday Blitz"]
[Site "Chess.com"]
[Date "2019.06.04"]
[Round "3"]
[White "HanSchut"]
[Black "nitpicker"]
[Result "0-1"]
[WhiteElo "2184"]
[BlackElo "2225"]
[TimeControl "180+2"]
[EndTime "13:30:59 PDT"]
[Termination "nitpicker won by resignation"]

1. e4 d5 2. exd5 Qxd5 3. Nc3 Qd8 4. d4 Nf6 5. Bg5 Bf5 6. Bc4 c6 7. Nf3 e6 8. Qe2 h6 9. Bh4 Be7 10. O-O-O Nbd7 11. Ne5 Nb6 12. Bd3 Qxd4 13. f4 Qxf4+ 0-1

[Event "*** Titled Tuesday Blitz"]
[Site "Chess.com"]
[Date "2019.06.04"]
[Round "3"]
[White "FERNANDEZL1983"]
[Black "MishkaFighter"]
[Result "1-0"]
[WhiteElo "2417"]
[BlackElo "2345"]
[TimeControl "180+2"]
[EndTime "13:31:15 PDT"]
[Termination "FERNANDEZL1983 won by checkmate"]

1. d4 g6 2. c4 Bg7 3. Nc3 d6 4. e4 e5 5. dxe5 dxe5 6. Qxd8+ Kxd8 7. Bg5+ f6 8. Be3 Nd7 9. O-O-O Ne7 10. f3 c6 11.
Nge2 Kc7 12. g4 Nf8 13. Bc5 Ng8 14. Bd6+ Kb6 15. c5+ Ka6 16. Nd4+ b5 17. Nxc6 Ne6 18. Bxb5+ Kb7 19. Na5# 1-0

[Event "*** Titled Tuesday Blitz"]
[Site "Chess.com"]
[Date "2019.06.04"]
[Round "3"]
[White "Keithonsky"]
[Black "spicycaterpillar"]
[Result "0-1"]
[WhiteElo "2501"]
[BlackElo "2830"]
[TimeControl "180+2"]
[EndTime "13:31:28 PDT"]
[Termination "spicycaterpillar won by resignation"]

1. d4 Nf6 2. c4 g6 3. Nc3 d5 4. Bg5 Bg7 5. Bxf6 Bxf6 6. cxd5 c5 7. dxc6 Nxc6 8. e3 O-O 9. Nf3 e5 10. dxe5 Nxe5 11. Be2 Be6 12. O-O Nc4 13. Bxc4 Bxc4 14.
Qxd8 Rfxd8 15. Rfc1 Rac8 16. Ne4 Bxb2 17. Rab1 Bxc1 18.
Rxc1 Bxa2 19. Ra1 Bd5 20. Nf6+ Kg7 21. Nxd5 Rxd5 22. Nd4 a5 23. g4 Rc4 24. Nf3 Rxg4+ 0-1

[Event "*** Titled Tuesday Blitz"]
[Site "Chess.com"]
[Date "2019.06.04"]
[Round "3"]
[White "maxip32"]
[Black "Semen_Khanin"]
[Result "0-1"]
[WhiteElo "2433"]
[BlackElo "2695"]
[TimeControl "180+2"]
[EndTime "13:31:29 PDT"]
[Termination "Semen_Khanin won by resignation"]

1. e4 b6 2. d4 Bb7 3. Bd3 g6 4. Qe2 Bg7 5. c3 d6 6. f4 a6 7. Nf3 Nd7 8. O-O e6 9. Nbd2 Ne7 10. e5 O-O 11. Ne4 Nd5 12. exd6 c5 13. dxc5 Nxc5 14. Nxc5 bxc5 15. Be4 c4 16. Qxc4 Qxd6 17. Qe2 Rac8 18. Rd1 Qb6+ 19. Kh1 Rfd8 20. Ne5 Nxc3 21. bxc3 Rxd1+ 22.
Qxd1 Bxe4 23. Bd2 Qf2 0-1

[Event "*** Titled Tuesday Blitz"]
[Site "Chess.com"]
[Date "2019.06.04"]
[Round "3"]
[White "irregularity"]
[Black "Cryptochess"]
[Result "0-1"]
[WhiteElo "2600"]
[BlackElo "2656"]
[TimeControl "180+2"]
[EndTime "13:31:30 PDT"]
[Termination "Cryptochess won by resignation"]

1. e4 e5 2. Nf3 Nf6 3. Nc3 Nc6 4. Bc4 Bb4 5. d3 O-O 6. O-O d6 7. h3 Be6 8. Bb3 Qd7 9. Bg5 Kh8 10. Bxf6 gxf6 11.
Nh4 Rg8 12. Kh2 Ne7 13. Qh5 Rg5 14. Qf3 f5 15. exf5 Nxf5 16. Nxf5 Bxf5 17. Qxb7 Rag8 18. Qxb4 Rxg2+ 19. Kh1 Be4 0-1

[Event "*** Titled Tuesday Blitz"]
[Site "Chess.com"]
[Date "2019.06.04"]
[Round "3"]
[White "DivyaDeshmukh23"]
[Black "KRASAVCHIK2002"]
[Result "0-1"]
[WhiteElo "2365"]
[BlackElo "2288"]
[TimeControl "180+2"]
[EndTime "13:31:51 PDT"]
[Termination "KRASAVCHIK2002 won by resignation"]

1. e4 c5 2. Nf3 d6 3. d4 cxd4 4. Nxd4 Nf6 5. Nc3 a6 6. Bg5 e6 7.
f4 Qb6 8. Qd2 Qxb2 9. Rb1 Qa3 10. f5 Nc6 11. fxe6 fxe6 12. Nxc6 bxc6 13. Be2 Be7 14. O-O O-O 15. Rb3 Qc5+ 16. Be3 Qe5 17. Bd4 Qa5 18. Bb6 Qe5 19. Bd4 Qa5 20. Bf3 c5 21.
Bxf6 Bxf6 22. Kh1 Ra7 23. Bg4 Raf7 24. Qxd6 Be7 25. Rxf7 Bxd6 26. Rxf8+ Kxf8 27. h3 Be5 0-1

[Event "*** Titled Tuesday Blitz"]
[Site "Chess.com"]
[Date "2019.06.04"]
[Round "3"]
[White "MFBerna"]
[Black "Naruto-K"]
[Result "1-0"]
[WhiteElo "2379"]
[BlackElo "2387"]
[TimeControl "180+2"]
[EndTime "13:32:18 PDT"]
[Termination "MFBerna won by resignation"]

1. e4 e6 2. d4 d5 3. Nd2 Be7 4. Ngf3 Nf6 5. Bd3 c5 6. exd5 exd5 7. dxc5 Bxc5 8. Qe2+ Be6 9. Nb3 Bb6 10. Nbd4 O-O 11. Nxe6 fxe6 12. Qxe6+ Kh8 13. O-O Nc6 14. Bg5 Qc7 15.
Qh3 Ne4 16. Be3 Nb4 17. Bxe4 dxe4 18. Ng5 1-0

[Event "*** Titled Tuesday Blitz"]
[Site "Chess.com"]
[Date "2019.06.04"]
[Round "3"]
[White "VeraNebolsina"]
[Black "el-reptiliano"]
[Result "1-0"]
[WhiteElo "2362"]
[BlackElo "2184"]
[TimeControl "180+2"]
[EndTime "13:32:58 PDT"]
[Termination "VeraNebolsina won by resignation"]

1. e4 c5 2. Nc3 e6 3. Nf3 Nc6 4. Bb5 Qc7 5. O-O Bd6 6. Re1 Nd4 7. g3 Nxf3+ 8. Qxf3 Ne7 9. Qh5 O-O 10. e5 Nf5 11. exd6 Qxd6 12. Bd3 b6 13. Be4 Rb8 14. d3 g6 15. Qd1 Qd4 16. Bf4 Bb7 17. Bxb8 Rxb8 18. Bxb7 Rxb7 19. Qf3 d5 20. a3 Qg7 21. Nxd5 Rd7 22.
Ne3 Nd4 23. Qa8+ 1-0

[Event "*** Titled Tuesday Blitz"]
[Site "Chess.com"]
[Date "2019.06.04"]
[Round "3"]
[White "Zarikovs1999"]
[Black "SalgadoChess91"]
[Result "1/2-1/2"]
[WhiteElo "2645"]
[BlackElo "2882"]
[TimeControl "180+2"]
[EndTime "13:33:01 PDT"]
[Termination "Game drawn by repetition"]

1. e4 e5 2. Nf3 Nc6 3. Bb5 Nf6 4. O-O Nxe4 5. d4 Nd6 6. Bxc6 dxc6 7. dxe5 Nf5 8. Qxd8+ Kxd8 9. Nc3 h6 10. Rd1+ Ke8 11. h3 Ne7 12. Bf4 a6 13. e6 Bxe6 14. Bxc7 Nd5 15.
Nxd5 Bxd5 16. Nd2 f6 17. c4 Be6 18. b3 Rc8 19. Bg3 Bf5 20. Nf3 Kf7 21. Nd4 Bg6 22. Nf3 Bf5 23. Nd4 Bg6 24. Nf3 Bf5 1/2-1/2

[Event "*** Titled Tuesday Blitz"]
[Site "Chess.com"]
[Date "2019.06.04"]
[Round "3"]
[White "lexiel"]
[Black "MathiasWomacka"]
[Result "0-1"]
[WhiteElo "2218"]
[BlackElo "2309"]
[TimeControl "180+2"]
[EndTime "13:33:32 PDT"]
[Termination "MathiasWomacka won by resignation"]

1. d4 Nf6 2. Nf3 e6 3. g3 c5 4. c3 d5 5. Bg2 Be7 6. O-O O-O 7. Na3 Nc6 8. dxc5 Bxc5 9. b4 Be7 10. Bb2 Ne4 11. Nc2 Bf6 12. Nfd4 Ne5 13. Ne3 Nd6 14. a4 Nec4 15. Nxc4 Nxc4 16. Qb3 Nd2 17. Qa2 Nxf1 18. Rxf1 Bxd4 19. cxd4 Bd7 20. e4 dxe4 21. Bxe4 Bc6 22. Bxc6 bxc6 23. Rc1 Qd5 24. Qb1 Rab8 25. Bc3 a5 26. b5 cxb5 27. axb5 Rxb5 28. Qa1 Rc8 29. Re1 Qf3 30. Bd2 h6 31. Be3 Rc2 32. Rb1 Rxb1+ 33.
Qxb1 Qc6 34. Qb8+ Kh7 35. Qa7 Ra2 0-1

[Event "*** Titled Tuesday Blitz"]
[Site "Chess.com"]
[Date "2019.06.04"]
[Round "3"]
[White "Shant_Sargsyan"]
[Black "Andrjywa"]
[Result "1-0"]
[WhiteElo "3031"]
[BlackElo "2508"]
[TimeControl "180+2"]
[EndTime "13:33:39 PDT"]
[Termination "Shant_Sargsyan won by resignation"]

1. e4 c5 2. Nf3 Nc6 3. Bb5 e6 4. O-O Nge7 5. Re1 a6 6. Bf1 Ng6 7. c3 Be7 8. d4 cxd4 9. cxd4 d5 10. e5 O-O 11. Nc3 f6 12. exf6 Bxf6 13. Be3 Bd7 14.
Bd3 Nge7 15. Qd2 g6 16. Bg5 Rc8 17. Qe3 Nb4 18. Bxf6 Rxf6 19. Ne5 Nf5 20. Bxf5 exf5 21. Qg5 Re6 22. Qd2 Be8 23. Nf3 Rxe1+ 24. Rxe1 Bf7 25. Ne5 Qc7 26. h4 Nc6 27. h5 Nxe5 28. Rxe5 Qd6 29. h6 Re8 30. f4 Rxe5 31. fxe5 Qe6 32. Qg5 Be8 33. Qd8 Qd7 34. Qf6 Qf7 35. Nxd5 1-0

[Event "*** Titled Tuesday Blitz"]
[Site "Chess.com"]
[Date "2019.06.04"]
[Round "3"]
[White "GHANDEEVAM2003"]
[Black "LastHeroJr"]
[Result "1-0"]
[WhiteElo "2930"]
[BlackElo "2504"]
[TimeControl "180+2"]
[EndTime "13:33:39 PDT"]
[Termination "GHANDEEVAM2003 won by resignation"]

1. c4 e5 2. Nc3 Nf6 3. Nf3 Nc6 4. e3 Bb4 5. Nd5 Be7 6. d4 exd4 7. Nxe7 Qxe7 8.
Nxd4 O-O 9. Be2 d6 10. O-O Ne4 11.
f3 Nc5 12. e4 Nxd4 13. Qxd4 f5 14. b4 Ne6 15. Qd5 c6 16. Qd3 Qf6 17. Be3 fxe4 18. fxe4 Qe5 19. Rad1 Rd8 20. Rf5 Qb2 21. Rb1 Qxa2 22. Ra5 1-0

[Event "*** Titled Tuesday Blitz"]
[Site "Chess.com"]
[Date "2019.06.04"]
[Round "3"]
[White "PNEPaul"]
[Black "europa2012"]
[Result "1-0"]
[WhiteElo "1818"]
[BlackElo "2110"]
[TimeControl "180+2"]
[EndTime "13:33:54 PDT"]
[Termination "PNEPaul won by resignation"]

1. e4 e6 2. d4 d5 3. e5 c5 4. Qg4 cxd4 5. Nf3 Nc6 6. Bd3 Qb6 7. O-O Nge7 8. Qg3 Ng6 9. a3 a5 10. c3 dxc3 11. Nxc3 Be7 12. h4 Qc7 13. Re1 Qd8 14. h5 Nh4 15. Nxh4 Bxh4 16. Qxg7 Rf8 17. Bh6 Be7 18.
Qxh7 Bd7 19. Bxf8 Bxf8 20. Nb5 Qb6 21. Nd6+ Bxd6 22. exd6 O-O-O 23. Rac1 Kb8 24. Qxf7 Nd4 25. h6 Qxd6 26. h7 Rh8 27. Qg8+ Qf8 28. Qg3+ Ka8 29. Rc7 Bc6 30. Qg7 Qd8 31. Qxd4 Rxh7 32. Rxh7 Qg5 33. Rh8+ 1-0

[Event "*** Titled Tuesday Blitz"]
[Site "Chess.com"]
[Date "2019.06.04"]
[Round "3"]
[White "Shivagami"]
[Black "TheBigBadChessDad"]
[Result "0-1"]
[WhiteElo "2082"]
[BlackElo "2166"]
[TimeControl "180+2"]
[EndTime "13:33:56 PDT"]
[Termination "TheBigBadChessDad won by resignation"]

1. d4 Nf6 2. Bf4 c6 3. e3 Qb6 4. b3 d5 5. Nf3 Bg4 6. Nbd2 e6 7. h3 Bxf3 8. gxf3 Bb4 9. c4 Qa5 10. Qc2 c5 11. a3 cxd4 12. exd4 Bc3 13. Rc1 Bxd4 14. cxd5 O-O 15. dxe6 Nc6 16. Bc4 fxe6 17. Bxe6+ Kh8 18. a4 Rae8 19. Qc4 Qf5 0-1

[Event "*** Titled Tuesday Blitz"]
[Site "Chess.com"]
[Date "2019.06.04"]
[Round "3"]
[White "gammagramma"]
[Black "NoGalloNoParty"]
[Result "1-0"]
[WhiteElo "2650"]
[BlackElo "2343"]
[TimeControl "180+2"]
[EndTime "13:33:57 PDT"]
[Termination "gammagramma won on time"]

1. d4 Nf6 2. Nf3 g6 3. c4 Bg7 4. Nc3 d5 5. Bf4 O-O 6. e3 c5 7. dxc5 Qa5 8. Qa4 Qxc5 9. b4 Qb6 10. c5 Qd8 11. Rc1 Bd7 12. Qb3 b6 13. Be2 bxc5 14.
bxc5 Nc6 15. O-O e6 16. Bd6 Re8 17. Nd4 e5 18. Ndb5 d4 19. Nd5 Nxd5 20. Qxd5 Nb4 21. Qb3 d3 22. Bxd3 1-0

[Event "*** Titled Tuesday Blitz"]
[Site "Chess.com"]
[Date "2019.06.04"]
[Round "3"]
[White "Keranke"]
[Black "HansCoolNiemann"]
[Result "0-1"]
[WhiteElo "2848"]
[BlackElo "2707"]
[TimeControl "180+2"]
[EndTime "13:33:58 PDT"]
[Termination "HansCoolNiemann won by checkmate"]

1. d4 Nf6 2. Bf4 g6 3. h3 Bg7 4.
Nf3 O-O 5. Bh2 d6 6. e3 Nfd7 7.
Be2 e5 8. Nc3 f5 9. dxe5 dxe5 10.
Bc4+ Kh8 11. O-O Nc6 12. Bb5 e4 13. Bxc6 bxc6 14. Nd4 Qf6 15. Bxc7 Ba6 16. Re1 Rac8 17. Bh2 Rfd8 18. Qb1 c5 19. Nde2 g5 20. Rd1 Ne5 21.
Nd5 Qf7 22. Ndc3 Ng6 23. Rxd8+ Rxd8 24. Qe1 f4 25. Nxe4 f3 26. Nxg5 Qc4 27. Nf4 fxg2 28. Nxg6+ hxg6 29. Kxg2 Qd5+ 30. Nf3 Qe4 31. Qa5 Rf8 32.
Qxa6 Qxf3+ 33. Kg1 Qxf2+ 34. Kh1 Qf3+ 35. Kg1 Qxe3+ 36. Kh1 Qf3+ 37. Kg1 Bd4# 0-1

[Event "*** Titled Tuesday Blitz"]
[Site "Chess.com"]
[Date "2019.06.04"]
[Round "3"]
[White "Konavets"]
[Black "Yashasd1995"]
[Result "1-0"]
[WhiteElo "2924"]
[BlackElo "2505"]
[TimeControl "180+2"]
[EndTime "13:33:59 PDT"]
[Termination "Konavets won by resignation"]

1. c4 e5 2. g3 Nc6 3. Bg2 g6 4. Nc3 Bg7 5. e3 Nge7 6. Nge2 O-O 7. O-O d6 8. d4 a5 9. b3 Bf5 10. Bb2 Qc8 11. Nd5 Bh3 12. Bxh3 Qxh3 13. Nxc7 Rad8 14. d5 Nb8 15. Nb5 Nd7 16. f3 Nc5 17. a3 a4 18.
b4 Nb3 19. Rb1 Bh6 20. Qd3 Nf5 21. e4 Ne3 22. Rf2 f5 23. Bc3 fxe4 24. Qxe4 Nf5 25.
Kh1 Nbd4 26. Bxd4 exd4 27. Nbxd4 Rde8 28. Ne6 Ng7 29. N2d4 Nf5 30. Nxf5 Rxf5 31. Qh4 Qxh4 32. gxh4 Rf4 33. Nxf4 1-0

[Event "*** Titled Tuesday Blitz"]
[Site "Chess.com"]
[Date "2019.06.04"]
[Round "3"]
[White "BigAl"]
[Black "Manukyan_Artak"]
[Result "1/2-1/2"]
[WhiteElo "2366"]
[BlackElo "2402"]
[TimeControl "180+2"]
[EndTime "13:34:00 PDT"]
[Termination "Game drawn by repetition"]

1. e4 c6 2. d3 d5 3. Nd2 Nf6 4. Ngf3 Bg4 5. g3 dxe4 6. dxe4 Nxe4 7. Bg2 Nxd2 8. Bxd2 e6 9. Bc3 Qxd1+ 10. Rxd1 Nd7 11. O-O O-O-O 12. Rd2 Bxf3 13. Bxf3 Nf6 14. Rxd8+ Kxd8 15. Bxf6+ gxf6 16. Rd1+ Kc7 17. Kf1 f5 18. Bh5 f6 19.
Bf7 e5 20. Be6 Bd6 21. Bxf5 h6 22. Ke2 Rd8 23. Rd3 Bb4 24. Rxd8 Kxd8 25. Kf3 Ke7 26. c3 Bc5 27. Bc8 b6 28. Bb7 Kd6 29. g4 a5 30.
Ke2 b5 31. f3 a4 32. Kd3 Kd5 33. b3 axb3 34. axb3 Bg1 35. h3 Bf2 36. Ba8 Be1 37.
Bb7 Bg3 38. Bc8 Be1 39. Bf5 Bf2 40. Bg6 Be1 41. Bf7+ Kd6 42. c4 bxc4+ 43. Bxc4 c5 44. Ke4 Ke7 45. Kf5 Bd2 46. Kg6 Bc1 47. h4 Bd2 48.
Bd5 Be1 49. Kh5 Kf8 50. Be4 Kg7 51. Bf5 Bf2 52. Be4 Be1 53. Bf5 Bf2 54. Be4 Be1 1/2-1/2

[Event "*** Titled Tuesday Blitz"]
[Site "Chess.com"]
[Date "2019.06.04"]
[Round "3"]
[White "King_of_the_wing"]
[Black "akretchetov"]
[Result "0-1"]
[WhiteElo "2181"]
[BlackElo "2352"]
[TimeControl "180+2"]
[EndTime "13:34:06 PDT"]
[Termination "akretchetov won by resignation"]

1. e4 e5 2. Nf3 Nc6 3. c3 d6 4. d4 Be7 5. Bb5 Bd7 6. O-O Nf6 7. Re1 O-O 8. Bxc6 Bxc6 9. dxe5 Nxe4 10. Nd4 dxe5 11. Nxc6 bxc6 12. Qa4 f5 13. Qxc6 Bc5 14.
Be3 Bxe3 15. fxe3 Rf6 16. Qc4+ Kh8 17. Na3 Rb8 18. Rad1 Qe7 19. b4 h6 20. Nb5 c6 21.
Na3 Rbf8 22. Rd3 Rg6 23. g3 Qg5 24. Kg2 Nxg3 25. h4 Qh5 26. Kh3 Rg4 0-1

[Event "*** Titled Tuesday Blitz"]
[Site "Chess.com"]
[Date "2019.06.04"]
[Round "3"]
[White "LiamVrolijk"]
[Black "Ambitiousresolutions"]
[Result "0-1"]
[WhiteElo "2740"]
[BlackElo "2600"]
[TimeControl "180+2"]
[EndTime "13:34:13 PDT"]
[Termination "Ambitiousresolutions won by resignation"]

1. c4 g6 2. e4 e5 3. d4 exd4 4.
Qxd4 Nf6 5. e5 Nc6 6. Qf4 Nh5 7.
Qe3 Bb4+ 8. Bd2 Qe7 9. f4 d6 10. Bxb4 Nxb4 11. Na3 dxe5 12. fxe5 Nc6 13. Nf3 Qb4+ 14.
Qd2 Qxd2+ 15. Kxd2 Bg4 16. Be2 Nf4 17. h3 O-O-O+ 18. Ke3 Nxg2+ 19. Kf2 Bxf3 20. Bxf3 Nf4 21. Bxc6 bxc6 22. Ke3 Nd3 23. Rhd1 Nxe5 24. Rxd8+ Rxd8 25. Rf1 f5 26. Kf4 Nxc4 27. Nxc4 Rd4+ 28. Kg5 Rxc4 29. Re1 Kd7 30. h4 Rg4+ 31. Kf6 Rxh4 32. Rd1+ Kc8 33.
Rc1 Rh2 34. Rxc6 Rxb2 35. Ke7 Rxa2 0-1

[Event "*** Titled Tuesday Blitz"]
[Site "Chess.com"]
[Date "2019.06.04"]
[Round "3"]
[White "PotapovaM"]
[Black "mishanick"]
[Result "0-1"]
[WhiteElo "2509"]
[BlackElo "3007"]
[TimeControl "180+2"]
[EndTime "13:34:19 PDT"]
[Termination "mishanick won by resignation"]

1. d4 Nf6 2. c4 e6 3. Nf3 b6 4. a3 Bb7 5. Nc3 Be7 6. d5 O-O 7.
e4 Na6 8. Bd3 Nc5 9. Bc2 Re8 10.
O-O exd5 11. cxd5 Bd6 12. Re1 Ng4 13. h3 Ne5 14. Nd4 c6 15. b4 Na6 16. Nf5 Bf8 17. Bb3 c5 18. f4 Ng6 19. b5 Nc7 20. Bc4 d6 21. Qf3 a6 22. Bb2 axb5 23. Nxb5 Ba6 24.
a4 Bc8 25. g4 Nxb5 26. axb5 Bd7 27. Qg3 Rxa1 28. Rxa1 Rxe4 29. Bd3 Rxf4 30. Nh6+ gxh6 31. Bxg6 Rb4 32. Qc3 Rxb2 33. Bxf7+ Kxf7 34. Qxb2 Bg7 35. Rf1+ Kg8 36. Qf2 Bd4 0-1

[Event "*** Titled Tuesday Blitz"]
[Site "Chess.com"]
[Date "2019.06.04"]
[Round "3"]
[White "Berardino"]
[Black "Grandelicious"]
[Result "0-1"]
[WhiteElo "2553"]
[BlackElo "2748"]
[TimeControl "180+2"]
[EndTime "13:34:20 PDT"]
[Termination "Grandelicious won by checkmate"]

1. e4 c5 2. Nf3 Nc6 3. d4 cxd4 4. Nxd4 Nf6 5. Nc3 d6 6. Bc4 Qb6 7. Nde2 e6 8. Bb3 a6 9. O-O Be7 10. Bg5 Qc7 11. f4 h6 12. Bxf6 Bxf6 13. Kh1 h5 14. f5 Be5 15. Nf4 exf5 16. exf5 Qd8 17. f6 gxf6 18. Nxh5 f5 19. g3 Qg5 20. Nf4 Qxg3 21. Qe1 Qxh2# 0-1

[Event "*** Titled Tuesday Blitz"]
[Site "Chess.com"]
[Date "2019.06.04"]
[Round "3"]
[White "NicoChasin"]
[Black "LoinOfTheNorth"]
[Result "1-0"]
[WhiteElo "2487"]
[BlackElo "2663"]
[TimeControl "180+2"]
[EndTime "13:34:20 PDT"]
[Termination "NicoChasin won by resignation"]

1. e4 c6 2. d4 d5 3. Nc3 dxe4 4. Nxe4 Bf5 5. Ng3 Bg6 6. h4 h6 7. Nf3 e6 8. Ne5 Bh7 9. Qh5 Qc7 10. Bf4 Nf6 11. Qf3 Nd5 12. Ng6 Nxf4 13. Nxh8 Bd6 14. O-O-O Na6 15. Bxa6 bxa6 16. Ne4 Bxe4 17. Qxe4 O-O-O 18. g3 Nd5 19. Qh7 Bf8 20. Qg8 Be7 21. Qxg7 Bf6 22.
Qxf7 Rxh8 23. Qxe6+ Kb7 24. c4 Nb6 25. Qxf6 Rd8 26.
b3 a5 27. Rhe1 a4 28. Re7 Rd7 29. Rde1 Nc8 30. Rxd7 Qxd7 31. Kb2 axb3 32. axb3 a5 33. Re4 Qh7 34. Qe5 Qf7 35. Re2 Qf3 36. Qe4 Qh5 37. d5 a4 38. dxc6+ Kb6 39. Qd4+ Kxc6 40. Re6+ Kc7 41. Qe5+ Qxe5+ 42. Rxe5 1-0

[Event "*** Titled Tuesday Blitz"]
[Site "Chess.com"]
[Date "2019.06.04"]
[Round "3"]
[White "bascheyaro"]
[Black "awesomevishesh"]
[Result "1-0"]
[WhiteElo "2805"]
[BlackElo "2431"]
[TimeControl "180+2"]
[EndTime "13:34:23 PDT"]
[Termination "bascheyaro won by resignation"]

1. d4 Nf6 2. c4 g6 3. Nf3 Bg7 4. Nc3 O-O 5. Bf4 d6 6. e3 Nbd7 7. Be2 Re8 8. O-O c6 9. Rc1 Qc7 10. c5 a6 11. h3 Nf8 12. a4 Qd8 13. cxd6 exd6 14. b4 d5 15. b5 axb5 16. axb5 Ne6 17.
Be5 Bd7 18. bxc6 bxc6 19. Bd3 c5 20. Bxf6 Bxf6 21. Nxd5 cxd4 22. exd4 Nxd4 23. Nxd4 Bxd4 24. Bxg6 hxg6 25. Qxd4 Be6 26. Nf6+ Kf8 27. Qf4 Kg7 28.
Nxe8+ Qxe8 29. Qe5+ Kg8 30. Rfe1 Qa4 31. Qf6 Qb3 32.
Rc3 Qa2 33. Rg3 Qd5 34. Rxe6 Qxe6 35. Rxg6+ Kf8 36. Qh8+ Ke7 37. Rxe6+ Kxe6 38. Qxa8 1-0

[Event "*** Titled Tuesday Blitz"]
[Site "Chess.com"]
[Date "2019.06.04"]
[Round "3"]
[White "NM2019"]
[Black "SimonKnightRivendell"]
[Result "1-0"]
[WhiteElo "2115"]
[BlackElo "2038"]
[TimeControl "180+2"]
[EndTime "13:34:35 PDT"]
[Termination "NM2019 won by resignation"]

1. c4 e5 2. Nc3 Nf6 3. Nf3 d6 4. g3 g6 5. Bg2 Bg7 6. d4 exd4 7.
Nxd4 O-O 8. O-O c6 9. Nc2 Be6 10. b3 Nbd7 11. Qxd6 Ne8 12. Qd2 Qa5 13. Bb2 Rd8 14.
b4 Qc7 15. Ne3 Ne5 16. Qc2 Nxc4 17. Nxc4 Bxc4 18. Ne4 Bd5 19. Bxg7 Kxg7 20. Qc3+ f6 21. b5 Qe5 22. Qxe5 fxe5 23. a4 Nc7 24. Nc5 Bxg2 25. Kxg2 b6 26. Nb7 Rd2 27. bxc6 Rxe2 28. a5 b5 29. Rae1 Rfxf2+ 30. Rxf2 Rxe1 31. Rd2 Kf6 32. Rd7 Ne6 33. Nd6 Rc1 34. c7 Rxc7 35. Ne8+ Kf5 36. Nxc7 Nc5 37. Rxh7 b4 38. Nd5 b3 39. Rxa7 b2 40. Nc3 Ne4 41. Nb1 1-0

[Event "*** Titled Tuesday Blitz"]
[Site "Chess.com"]
[Date "2019.06.04"]
[Round "3"]
[White "pedro_gines"]
[Black "MagnutssCarleson"]
[Result "0-1"]
[WhiteElo "2391"]
[BlackElo "2292"]
[TimeControl "180+2"]
[EndTime "13:34:36 PDT"]
[Termination "MagnutssCarleson won on time"]

1. Nf3 Nf6 2. d4 d5 3. c4 c6 4.
e3 e6 5. b3 Bd6 6. Bb2 Nbd7 7.
Nbd2 O-O 8. Bd3 Qe7 9. Ne5 Ba3 10.
Bxa3 Qxa3 11. Nxd7 Bxd7 12. O-O c5 13. cxd5 exd5 14.
dxc5 Qxc5 15. Qc1 Qd6 16. Nf3 Rac8 17. Qb2 Rfe8 18. Rac1 g6 19. Qd4 b6 20. Ba6 Rc5 21.
b4 Rxc1 22. Rxc1 Re4 23. Qc3 Rxb4 24. Qa3 Ne4 25. Bb7 Rb1 0-1